 Dungeon Crawl Stone Soup version 0.30-a0-847-g17996783a1 (webtiles) character file.

Game seed: 13510863460135687938

3776 Ceno the Covert (level 9, -9/42 (43) HPs)
             Began as a Felid Delver on Mar 3, 2023.
             Was a Believer of Lugonu.
             Mangled by a wyvern (14 damage)
             ... on level 9 of the Dungeon.
             The game lasted 00:37:44 (12450 turns).

Ceno the Covert (Felid Delver)                     Turns: 12450, Time: 00:37:45

HP:   -9/42 (43)    AC:  2    Str: 14    XL:     9   Next: 95%
MP:   13/13         EV: 17    Int: 14    God:    Lugonu [**....]
Gold: 476           SH:  0    Dex: 19    Spells: 8/8 levels left
                                        Lives: 0   Deaths: 2

rFire   . . .      SeeInvis +      - Unarmed
rCold   . . .      Faith    .    (shield unavailable)
rNeg    . . .      Spirit   .    (body armour unavailable)
rPois   .          Reflect  .    (helmet unavailable)
rElec   .          Rampage  .    (cloak unavailable)
rCorr   .                        (gloves unavailable)
Will    +....                    (boots unavailable)
Stlth   +++++                    (no amulet)
HPRegen 0.27/turn                k - +6 ring of strength
MPRegen 0.13/turn                (no ring)

@: studying Stealth, lightly drained, quick
A: very small, claws 1, fangs 3, see invisible, speed 1, shaggy fur 2, stealthy
paws, no weapons or thrown items, no armour, multi-lived
a: Renounce Religion, Depart the Abyss, Banish


You were on level 9 of the Dungeon.
You worshipped Lugonu.
Lugonu was pleased with you.
You visited 2 branches of the dungeon, and saw 10 of its levels.
You visited the Abyss 1 time.
You also visited: Sewer and Ossuary.

You collected 476 gold pieces.

Inventory:

Jewellery
 c - a ring of positive energy
 k - a +6 ring of strength (left paw)
 v - a ring of positive energy
Wands
 e - a wand of digging (3)
 s - a wand of roots (4) (quivered)
 u - a wand of charming (11)
 E - a wand of mindburst (15)
 G - a wand of acid (3)
Scrolls
 a - 2 scrolls of fog
 b - a scroll of magic mapping
 i - a scroll of vulnerability {unknown}
 m - a scroll of butterflies {unknown}
 o - a scroll of silence {unknown}
 p - a scroll of noise {unknown}
 q - a scroll of torment {unknown}
 t - a scroll of brand weapon {unknown}
 z - a scroll of poison {unknown}
 F - 2 scrolls of immolation {unknown}
Potions
 d - a potion of haste
 f - 2 potions of invisibility
 g - 2 potions of lignification
 h - a potion of attraction
 j - a potion of magic
 l - 2 potions of berserk rage
 n - 3 potions of ambrosia
 r - 3 potions of might
 w - a potion of mutation {unknown}
 x - 4 potions of heal wounds
 A - 3 potions of cancellation
 B - a potion of degeneration {unknown}
 C - a potion of brilliance {unknown}
 D - a potion of curing


   Skills:
 - Level 7.5 Fighting
 - Level 2.6 Dodging
 - Level 10.0 Stealth
 - Level 9.2 Unarmed Combat
 * Level 5.6 Ice Magic
 + Level 4.4 Invocations


You had 8 spell levels left.
You didn't know any spells.
Your spell library contained the following spells:

 Spells                   Type           Power      Damage    Failure   Level
 Ensorcelled Hibernation  Hex/Ice        14%        N/A       14%         2
 Summon Small Mammal      Summ           0%         N/A       28%         1
 Call Canine Familiar     Summ           0%         N/A       65%         3
 Ignite Poison            Fire/Tmut/Pois 0%         N/A       65%         3
 Kindle Blastsparks       Fire/Tloc/Air  0%         2d10      65%         3
 Spider Form              Tmut/Pois      0%         N/A       65%         3
 Summon Guardian Golem    Hex/Summ       0%         N/A       65%         3
 Anguish                  Hex/Necr       0%         N/A       96%         4
 Freezing Cloud           Conj/Ice/Air   2%         6-21      98%         5


Dungeon Overview and Level Annotations

Branches:
Dungeon (9/15)             Temple (1/1) D:4           Sewer (visited)
Ossuary (visited)
   Lair: D:8-11         Orc: D:9-12

Altars:
Ashenzari
Dithmenos
Elyvilon
Fedhas
Gozag
Hepliaklqana
Kikubaaqudgha
Makhleb
Nemelex Xobeh
Okawaru
Qazlal
Ru
Sif Muna
Trog
Uskayaw
Vehumet
Wu Jian
Xom
Yredelemnul
The Shining One

Shops:
D:4 ?*

Annotations:
D:3 Robin, Sigmund
D:7 Pikel


Innate Abilities, Weirdness & Mutations

You have sharp claws.
You have razor-sharp teeth.
You have supernaturally acute eyesight. (SInv)
You cover ground quickly. (Speed+)
You are covered in thick fur. (AC +2)
Your paws help you pounce on unaware monsters.
You are incapable of wielding weapons or throwing items.
You cannot wear armour.
You gain extra lives every three experience levels.


Message History

The wight is almost destroyed.
The wight hits you with a +3 battleaxe!!
You feel drained.
You are too injured to fight recklessly!
You scratch the wight.
You destroy the wight!
Lugonu accepts your kill.
You start resting.
A wyvern comes into view.
You climb upwards.
There is a stone staircase leading down, spattered with blood here.
You start resting.
HP restored.
You climb downwards.
There is a stone staircase leading up, spattered with blood here.
The wyvern hisses angrily.
You scratch the wyvern. You bite the wyvern.
The wyvern is lightly wounded.
The wyvern bites you!
You scratch the wyvern.
The wyvern is lightly wounded.
The wyvern bites you!
You claw the wyvern!
The wyvern is severely wounded.
The wyvern misses you.
You scratch the wyvern. Your claw misses the wyvern.
The wyvern is almost dead.
The wyvern misses you. The wyvern closely misses you.
You scratch the wyvern but do no damage.
You bite the wyvern, but do no damage.
The wyvern is almost dead.
The wyvern misses you.
You scratch the wyvern but do no damage.
The wyvern is almost dead.
The wyvern bites you!!
* * * LOW HITPOINT WARNING * * *
You closely miss the wyvern. You bite the wyvern.
The wyvern is almost dead.
The wyvern bites you!
You die...

#.....# ..
#.....# ..
#.....##.
#.......
#......#
#......#
..###......#
.......l...#
.###..@.<.#
#.....[#
#..(...#
#......#
#.?....#
#....[.#
#......#
#......#
#......#


You could see a wyvern.

Vanquished Creatures
  Maggie (D:7)
  Grinder (D:3)
  A yak (D:8)
  A water moccasin (D:7)
  5 ice beasts
  3 sky beasts
  3 phantoms
  4 lemures
  A kobold brigand (D:8)
  4 scorpions
  2 bullfrogs (D:7)
  A gnoll sergeant (D:7)
  10 wights
  6 killer bees (D:7)
  2 hounds
  2 orc priests
  A gnoll bouda (D:7)
  4 jellies
  2 sleepcaps (D:6)
  An iguana (D:5)
  Natasha (thrice) (D:3 D:2)
  5 orc wizards
  A mummy (D:4)
  5 gnolls (D:6)
  8 adders
  2 white imps (D:7)
  An ufetubus (D:7)
  2 worms
  4 dart slugs
  24 orcs
  12 ball pythons
  5 bats
  12 endoplasms
  A giant cockroach (D:2)
  19 goblins
  8 hobgoblins
  2 jackals (D:1)
  A quokka (D:4)
  6 frilled lizards
  A hobgoblin zombie (Ossuary)
  9 kobolds
  3 kobold zombies (Ossuary)
  3 orc zombies (Ossuary)
  6 rats
198 creatures vanquished.

Vanquished Creatures (others)
  6 plants
6 creatures vanquished.

Grand Total: 204 creatures vanquished

Notes
Turn   | Place    | Note
-------+----------+-------------------------------------------
     0 | D:5      | Ceno the Felid Delver began the quest for the Orb.
     0 | D:5      | Reached XP level 1. HP: 10/10 MP: 2/2
    41 | D:5      | Noticed a hound
    43 | D:5      | Killed a hound
    44 | D:5      | Reached skill level 7 in Stealth
    44 | D:5      | Reached XP level 2. HP: 14/14 MP: 3/3
    44 | D:5      | Reached XP level 3. HP: 17/17 MP: 4/4
   232 | D:5      | Found a sand-covered staircase.
   235 | D:5      | Noticed a phantom
   241 | Ossuary  | Entered an ossuary
   668 | D:4      | Noticed a phantom
   700 | D:4      | Killed a phantom
   701 | D:4      | Reached skill level 8 in Stealth
   701 | D:4      | Reached XP level 4. HP: 22/22 MP: 5/5
   701 | D:4      | Reached XP level 5. HP: 25/25 MP: 6/6
   706 | D:4      | Found a stormy altar of Qazlal.
   887 | D:4      | Found a glowing drain.
   974 | Sewer    | Entered a sewer
  1246 | D:3      | Noticed Natasha
  1248 | D:3      | Killed Natasha
  1266 | D:3      | Noticed Natasha
  1569 | D:3      | Found a hazy altar of Hepliaklqana.
  1646 | D:3      | Noticed Robin
  1761 | D:3      | Noticed Grinder
  2072 | D:2      | Found a stormy altar of Qazlal.
  2907 | D:1      | Reached skill level 9 in Stealth
  3592 | D:2      | Gained mutation: You are covered in thick fur. (AC +2)
                  | [Felid growth]
  3592 | D:2      | Reached XP level 6. HP: 24/28 MP: 7/7
  3840 | D:3      | Killed Grinder
  3871 | D:3      | Identified a scroll of acquirement
  3871 | D:3      | Acquired a manual of Stealth
  4103 | D:3      | Killed Natasha
  4104 | D:3      | Reached skill level 10 in Stealth
  4354 | D:2      | Reached XP level 7. HP: 10/33 MP: 8/8
  4484 | D:3      | Noticed Natasha
  4500 | D:2      | Killed Natasha
  4501 | D:2      | Reached skill level 5 in Fighting
  4870 | Abyss:1  | Cast into level 1 of the Abyss (Robin)
  4878 | Abyss:1  | Noticed a raiju
  4878 | Abyss:1  | Noticed a raiju
  4905 | Abyss:1  | Found a corrupted altar of Lugonu.
  4912 | Abyss:1  | Became a worshipper of Lugonu the Unformed
  4912 | Abyss:1  | Reached * piety under Lugonu
  4912 | Abyss:1  | Reached ** piety under Lugonu
  4913 | D:3      | Escaped the Abyss
  4929 | D:3      | Slain by Robin
  4930 | D:3      | Reached XP level 6. HP: 0/30 MP: 7/7
  4995 | D:3      | Noticed Sigmund
  5071 | D:3      | Slain by Robin
  5072 | D:3      | Reached XP level 5. HP: 0/26 MP: 6/6
  5150 | D:4      | Found Gomn's Assorted Antiques.
  5363 | D:4      | Found a staircase to the Ecumenical Temple.
  5369 | Temple   | Entered the Ecumenical Temple
  5572 | D:4      | Reached skill level 5 in Unarmed Combat
  5572 | D:4      | Reached XP level 6. HP: 30/30 MP: 7/7
  5732 | D:4      | Found Kyawod's Magic Scroll Shoppe.
  6195 | D:5      | Reached XP level 7. HP: 20/34 MP: 8/8
  7078 | D:6      | Reached XP level 8. HP: 27/39 MP: 9/9
  8255 | D:7      | Noticed Pikel
  8717 | D:7      | Noticed Maggie
  8732 | D:7      | Killed Maggie
  9259 | D:7      | Reached XP level 9. HP: 43/43 MP: 10/10
  9470 | D:7      | Reached skill level 1 in Invocations
  9541 | D:7      | Found a white marble altar of Elyvilon.
  9569 | D:7      | Reached skill level 1 in Ice Magic
  9576 | D:7      | Reached *** piety under Lugonu
 11560 | D:8      | Reached skill level 5 in Ice Magic
 12013 | D:9      | Found a broken altar of Ashenzari.
 12450 | D:9      | Mangled by a wyvern

Illustrated notes

Levels and vault maps discovered:
D:1:      minmay_arrival_solitary_statue, layout_loops_corners
D:2:      layout_loops_ring, basic_altar
D:3:      corexii_shack_village, layout_basic, mainiacjoe_overflow_tiny_flanked,
          uniq_natasha, uniq_robin, uniq_grinder, uniq_sigmund
D:4:      layout_loops_corners, old_standard_altar, temple_green,
          portal_sewer_entry_a, serial_shops, shop_fountains,
          kennysheep_mini_moat
D:5:      layout_loops_cross, enter_ossuary_5
D:6:      layout_loops_ring
D:7:      kennysheep_six_static_rooms, layout_basic, elyvilon_altar_1,
          nicolae_fountain_basement, uniq_pikel, uniq_maggie
D:8:      cheibrodos_iron_armory, layout_basic,
          hangedman_abyss_or_decor_lesser_grid, hangedman_decor_growths
D:9:      layout_long_grid, nicolae_ashenzari_panopticon,
          kennysheep_slug_shrine, minmay_the_grid_2x2 [minmay_the_grid_armoury,
          minmay_the_grid_outer_circle, minmay_the_grid_zigzag_pyramid,
          minmay_the_grid_prize_shrinking_boxes]
Temple:   eino_temple_scatter_basement

Skill      XL: |  1  2  3  4  5  6  7  8  9 |
---------------+----------------------------+-----
Stealth        | 7 8 9 10 | 10.0
Unarmed Combat | 3 5 6 7 9 |  9.2
Fighting       | 4 6 7 |  7.5
Invocations    | 4 |  4.4
Ice Magic      | 5 |  5.6
Dodging        | |  2.6

Action                     |  1- 3 |  4- 6 |  7- 9 || total
---------------------------+-------+-------+-------++-------
  Melee: Unarmed           |    38 |   203 |   326 ||   567
         Bite              |     5 |    20 |    45 ||    70
         Punch             |       |     6 |    22 ||    28
 Invoke: Depart the Abyss  |       |       |     1 ||     1
         Banish            |       |       |     4 ||     4
  Evoke: Wand              |       |     2 |     1 ||     3
    Use: Scroll            |     1 |    11 |     6 ||    18
         Potion            |       |       |     3 ||     3
   Stab: Sleeping          |     4 |    45 |    10 ||    59
         Distracted        |       |       |     4 ||     4
 Armour: Skin              |     2 |    14 |    21 ||    37
  Dodge: Dodged            |    21 |   105 |   189 ||   315

Table legend: (Time is in decaauts)
 A = Elapsed time spent in this place.
 B = Non-inter-level travel time spent in this place.
 C = Inter-level travel time spent in this place.
 D = Time resting spent in this place.
 E = Time spent auto-exploring this place.
 F = Levels seen in this place.
 G = Mean time per level.
                   A        B        C        D        E       F      G
               +--------+--------+--------+--------+--------+-----+--------+
         Total |  10831 |  10402 |    429 |   2800 |   3264 |  13 |  833.2 |
       Dungeon |  10214 |   9794 |    420 |   2640 |   3136 |   9 | 1134.9 |
        Temple |    150 |    141 |      9 |      0 |    128 |   1 |  150.0 |
         Abyss |     35 |     35 |      0 |      7 |      0 |   1 |   35.0 |
         Sewer |    205 |    205 |      0 |     64 |      0 |   1 |  205.0 |
       Ossuary |    225 |    225 |      0 |     88 |      0 |   1 |  225.0 |
               +--------+--------+--------+--------+--------+-----+--------+

Top non-repeatable levels by time:
     D:7: 1756 daAuts
     D:5: 1498 daAuts
     D:3: 1469 daAuts
     D:8: 1200 daAuts
     D:6: 1172 daAuts
     D:4: 1058 daAuts
     D:1: 832 daAuts
     D:2: 811 daAuts
     D:9: 417 daAuts
 Ossuary: 225 daAuts
   Sewer: 205 daAuts
  Temple: 150 daAuts
 Abyss:1: 35 daAuts
